 Dungeon Crawl Stone Soup version 0.29-a0-214-g17f627cfee (webtiles) character file.

Game seed: 13215656911370028681

369219 Anon1729 the Minotaur Blade (level 21, -4/183 (198) HPs)
             Began as a Minotaur Monk on Feb 24, 2022.
             Was the Champion of Zin.
             Killed from afar by a fire dragon (49 damage)
             ... with a blast of flame
             ... summoned by an orange crystal statue
             ... while paralysed
             ... on level 1 of the Depths.
             The game lasted 01:21:56 (48042 turns).

Anon1729 the Minotaur Blade (Minotaur Monk)        Turns: 48042, Time: 01:21:57

HP:   -4/183 (198)  AC: 11    Str: 18    XL:     21   Next: 65%
MP:   17/33         EV:  2    Int: -1 (7) God:    Zin [******]
Gold: 2568          SH:  0    Dex: 25    Spells: 20/20 levels left

rFire   . . .      SeeInvis +   I - +9 great sword (freeze)
rCold   + . .      Faith    .   (shield currently unavailable)
rNeg    . . .      Spirit   .   b - +1 robe of Vines {NoPotionHeal Regen++++}
rPois   .          Reflect  .   u - +1 hat
rElec   .          Harm     .   w - scarf {repulsion}
rCorr   .          Rampage  ∞   v - +2 pair of gloves
Will    +++..                   F - +3 pair of seven-league boots {Rampage+∞}
Stlth   +++++++...              Y - amulet "Cuelaon" {Acrobat Regen+ Dex+3}
HPRegen 4.40/turn               W - ring of protection from cold
MPRegen 0.23/turn               O - ring "Curhoedgh" {Will++ Slay+5 SInv Stlth+}

@: paralysed, slowed, lost intelligence, studying Armour, drained, repel
missiles, unable to read
A: horns 2, retaliatory headbutt
}: 2/15 runes: barnacled, gossamer
a: Renounce Religion, Recite, Vitalisation, Imprison, Sanctuary, Donate Gold


You were on level 1 of the Depths.
You worshipped Zin.
Zin was exalted by your worship.
You visited 8 branches of the dungeon, and saw 39 of its levels.
You also visited: Sewer, Bailey, Ice Cave and Wizlab.

You collected 5004 gold pieces.
You spent 2237 gold pieces at shops.
You donated 199 gold pieces to Zin.

Inventory:

Hand Weapons
 I - a +9 great sword of freezing (weapon)
Missiles
 m - 7 throwing nets (quivered)
Armour
 b - the +1 robe of Vines (worn) {NoPotionHeal Regen++++}
   (You found it on level 15 of the Dungeon)

   Its wearer cannot be healed by potions.
   Regen:     It increases your rate of health regeneration.
 u - a +1 hat (worn)
 v - a +2 pair of gloves (worn)
 w - a scarf of repulsion (worn)
 F - the +3 pair of seven-league boots (worn) {Rampage+∞}
   (You found it on level 3 of the Elven Halls)

   Its wearer moves as far as possible in that direction when moving towards
   enemies.
Jewellery
 c - an amulet of guardian spirit
 e - the ring "Sudoclum" {+Blink Will+}
   (You took it off a deep elf death mage on level 3 of the Elven Halls)

   [ring of willpower]

   +Blink:    It lets you blink.
   Will:      It increases your willpower.
 C - a ring of poison resistance
 G - a ring of see invisible
 O - the ring "Curhoedgh" (right hand) {Will++ Slay+5 SInv Stlth+}
   (You acquired it in a bailey)

   [ring of see invisible]

   Slay:      It affects your accuracy & damage with ranged weapons and melee
   (+5).
   SInv:      It lets you see invisible.
   Will:      It greatly increases your willpower.
   Stlth:     It makes you more stealthy.
 S - the ring "Syri" {rElec rF- Will+ Int+5}
   (You took it off a deep elf zephyrmancer on level 3 of the Elven Halls)

   [ring of willpower]

   Int:       It affects your intelligence (+5).
   rF:        It makes you vulnerable to fire.
   rElec:     It insulates you from electricity.
   Will:      It increases your willpower.
 W - a ring of protection from cold (left hand)
 Y - the amulet "Cuelaon" (around neck) {Acrobat Regen+ Dex+3}
   (You bought it in a shop on level 2 of the Vaults)

   [amulet of the acrobat]

   It increases your evasion while moving and waiting.
   Dex:       It affects your dexterity (+3).
   Regen:     It increases your rate of health regeneration.
Wands
 a - a wand of charming (11)
 o - a wand of digging (15)
 r - a wand of acid (16)
 x - a wand of paralysis (32)
 D - a wand of iceblast (37)
 E - a wand of mindburst (18)
 Z - a wand of flame (25)
Scrolls
 d - 7 scrolls of blinking
 f - 21 scrolls of teleportation
 h - 4 scrolls of enchant armour
 k - 11 scrolls of fog
 n - 4 scrolls of fear
 q - 3 scrolls of holy word
 s - 6 scrolls of silence
 y - 4 scrolls of brand weapon
 B - 2 scrolls of enchant weapon
 J - 3 scrolls of amnesia
 M - 3 scrolls of summoning
 R - 9 scrolls of immolation
 T - 6 scrolls of magic mapping
 X - 3 scrolls of vulnerability
Potions
 g - 2 potions of attraction
 i - 8 potions of haste
 j - 17 potions of curing
 l - 9 potions of mutation
 p - 9 potions of heal wounds
 t - 13 potions of flight
 z - 5 potions of might
 H - 3 potions of ambrosia
 K - a potion of cancellation
 L - 3 potions of berserk rage
 N - 3 potions of invisibility
 U - 3 potions of brilliance
 V - 8 potions of resistance
Miscellaneous
 A - a phial of floods
 P - a phantom mirror
 Q - a condenser vane


   Skills:
 + Level 19.1 Fighting
 * Level 24.4 Long Blades
 - Level 4.0 Armour
 + Level 17.6 Dodging
 + Level 14.6 Stealth
 + Level 19.2 Invocations
 + Level 10.1 Evocations


You had 20 spell levels left.
You didn't know any spells.
Your spell library contained the following spells:

 Spells                   Type           Power      Damage    Failure   Level
 Animate Skeleton         Necr           0%         N/A       58%         1
 Apportation              Tloc           0%         N/A       58%         1
 Foxfire                  Conj/Fire      0%         2x1d4     58%         1
 Magic Dart               Conj           0%         1d3       58%         1
 Sandblast                Erth           0%         2d4       58%         1
 Sting                    Tmut/Pois      0%         1d3       58%         1
 Summon Small Mammal      Summ           0%         N/A       58%         1
 Blink                    Tloc           0%         N/A       75%         2
 Corpse Rot               Necr/Air       0%         N/A       75%         2
 Ensorcelled Hibernation  Hex/Ice        0%         N/A       75%         2
 Passwall                 Tmut/Erth      0%         N/A       75%         2
 Scorch                   Fire           0%         2d5       75%         2
 Searing Ray              Conj           0%         2d4       75%         2
 Call Canine Familiar     Summ           0%         N/A       92%         3
 Conjure Flame            Conj/Fire      0%         6-21      92%         3
 Dazzling Flash           Conj/Hex       0%         N/A       92%         3
 Gell's Gravitas          Tloc           0%         N/A       92%         3
 Inner Flame              Hex/Fire       0%         N/A       92%         3
 Mephitic Cloud           Conj/Pois/Air  0%         N/A       92%         3
 Ozocubu's Armour         Ice            0%         N/A       92%         3
 Portal Projectile        Hex/Tloc       0%         N/A       92%         3
 Spider Form              Tmut/Pois      0%         N/A       92%         3
 Stone Arrow              Conj/Erth      0%         3d7       92%         3
 Summon Guardian Golem    Hex/Summ       0%         N/A       92%         3
 Teleport Other           Tloc           0%         N/A       92%         3
 Tukima's Dance           Hex            0%         N/A       92%         3
 Airstrike                Air            0%         N/A       100%        4
 Anguish                  Hex/Necr       0%         N/A       100%        4
 Animate Armour           Summ/Erth      0%         N/A       100%        4
 Animate Dead             Necr           0%         N/A       100%        4
 Cause Fear               Hex            0%         N/A       100%        4
 Dispel Undead            Necr           0%         3d6       100%        4
 Flame Wave               Conj/Fire      0%         2d4       100%        4
 Fulminant Prism          Conj/Hex       0%         3d6       100%        4
 Hailstorm                Conj/Ice       0%         3d3       100%        4
 Iskenderun's Mystic Bla  Conj/Tloc      0%         2d3       100%        4
 Summon Lightning Spire   Summ/Air       0%         N/A       100%        4
 Blade Hands              Tmut           0%         N/A       100%        5
 Borgnjor's Vile Clutch   Necr/Erth      0%         N/A       100%        5
 Excruciating Wounds      Necr           0%         N/A       100%        5
 Lee's Rapid Deconstruct  Erth           0%         3d5*      100%        5
 Lightning Bolt           Conj/Air       0%         1d11      100%        5
 Manifold Assault         Tloc           0%         N/A       100%        5
 Yara's Violent Unravell  Hex/Tmut       0%         3d3       100%        5
 Death Channel            Necr           0%         N/A       100%        6
 Dispersal                Tloc           0%         N/A       100%        6
 Iron Shot                Conj/Erth      0%         9d1       100%        6
 Starburst                Conj/Fire      0%         6d3       100%        6
 Summon Cactus Giant      Summ           0%         N/A       100%        6
 Dragon Form              Tmut           0%         N/A       100%        7
 Enfeeble                 Hex            0%         N/A       100%        7
 Orb of Destruction       Conj           0%         9d5       100%        7
 Ozocubu's Refrigeration  Ice            0%         4d5       100%        7
 Spellforged Servitor     Conj/Summ      0%         N/A       100%        7
 Storm Form               Tmut/Air       0%         N/A       100%        7
 Lehudib's Crystal Spear  Conj/Erth      0%         10d2      100%        8
 Dragon's Call            Summ           0%         N/A       100%        9


Dungeon Overview and Level Annotations

Branches:
Dungeon (15/15)            Temple (0/1) D:6            Lair (6/6) D:11
 Shoals (4/4) Lair:4       Spider (4/4) Lair:3        Slime (0/5) Lair:5
    Orc (2/2) D:12            Elf (3/3) Orc:2        Vaults (4/5) D:14
  Crypt (0/3) Vaults:3     Depths (1/4) D:15          Sewer (visited)
 Bailey (visited)           IceCv (visited)          WizLab (visited)

Altars:
Ashenzari
Dithmenos
Fedhas
Gozag
Nemelex Xobeh
Sif Muna
Zin
Beogh

Shops:
D:2 [*   D:9 *   D:12 *   D:15 !   Orc:2 !*(*   Elf:2 !=::[   Shoals:2 ((
Shoals:3 *   Vaults:1 :   Vaults:2 =   Vaults:3 *   Vaults:4 [

Portals:
Trove: D:15 (give +5 ice dragon scales)

Annotations:
D:9 exclusion: hydra
Lair:5 exclusion: 2 oklob plants
Elf:2 3 runed translucent doors
Vaults:3 36 runed doors
Depths:1 exclusion: orange crystal statue


Innate Abilities, Weirdness & Mutations

You have a pair of horns on your head.
You reflexively headbutt those who attack you in melee.


Message History

The glowing orange brain pulsates.
You feel dopey. Something feeds on your intellect!
The hell knight completely misses you.
The hell knight simulacrum closely misses you.
The fire dragon barely misses you. The fire dragon claws you.
The fire dragon misses you.
You open the fire dragon like a pillowcase!!!
You freeze the fire dragon!
The fire dragon is severely wounded.
The orange crystal statue fixes its piercing gaze on you.
You feel your power leaking away. The hell knight completely misses you.
You slice the glowing orange brain!! You freeze the glowing orange brain.
The glowing orange brain is severely wounded.
The glowing orange brain pulsates ominously.
The glowing orange brain blinks!
The fire dragon barely misses you. The fire dragon completely misses you.
The fire dragon misses you.
The hell knight hits you from afar with a +1 halberd of draining!
You feel drained.
The orange crystal statue fixes its piercing gaze on you.
You feel dopey.
You have lost your intelligence.
Something feeds on your intellect! The hell knight simulacrum hits you.
The hell knight simulacrum freezes you. You resist.
The glowing orange brain pulsates.
The hell knight hits you from afar with a +1 halberd of draining!
You feel drained. The hell knight simulacrum hits you!
The hell knight simulacrum freezes you. You resist.
The fire dragon breathes flames at you. The blast of flame hits you!!!
The orange crystal statue glitters.
You resist with almost no effort.
The hell knight hits you from afar with a +1 halberd of draining!
You feel drained.
The hell knight gestures at you while chanting.
The bolt of fire hits you! The hell knight simulacrum hits you.
The hell knight simulacrum freezes you! You resist.
* * * LOW HITPOINT WARNING * * *
The fire dragon breathes flames at you. The blast of flame hits you!!!
You die...

#...8......
#.#.......
.....#........?...
#................. #
.................. #.
#pG.##.... ......
##..
#pZD#..(###....C.
#....
#@#.....#....G..
#....#G#.............
#.......C††..C...
#.....G...###........
#.#.#.#.#.# #.##.....
............#... ....
...#.#.#.#..##... ...
.................. ..
...#.#.#.#......... .


You could see a fire dragon (summoned, catching breath), an orange crystal
statue, a great orb of eyes (summoned), 2 hell knights, 2 glowing orange brains
and a hell knight simulacrum.

Vanquished Creatures
  The ghost of Lakkucec the Spry, an adept DjIE of Gozag (Vaults:4)
  A tentacled monstrosity (Vaults:2)
  Rupert (Lair:4)
  Asterion (Vaults:2)
  2 deep elf master archers (Elf:3)
  A deep elf blademaster (Elf:3)
  Polyphemus (Shoals:3)
  2 storm dragons
  A sphinx (Vaults:2)
  Kirke (D:14)
  A thorn hunter (D:15)
  A tengu reaver (Vaults:1)
  2 fire giants
  3 deep elf sorcerers (Elf:3)
  The ghost of kae the Grappler, a journeyman DrTm of Ru (Orc:2)
  14 vault wardens
  14 ironbound preservers
  4 orc warlords
  4 deep elf elementalists (Elf:3)
  4 ghost moths (Spider:4)
  Louise (Spider:3)
  4 war gargoyles
  4 broodmothers
  5 very ugly things
  9 ironbound thunderhulks
  A stone giant (Depths:1)
  Nessos (D:12)
  2 entropy weavers
  A minotaur (Lair:6)
  3 spark wasps
  12 dire elephants
  7 deep elf annihilators
  The ghost of stickyfingers the Markself, a journeyman DEAr of Hepliaklqana (Lair:6)
  4 merfolk javelineers
  2 crystal guardians (Vaults:2)
  11 deep elf death magi
  Josephine (D:12)
  14 merfolk impalers
  An orange crystal statue (WizLab)
  3 great orbs of eyes
  10 yaktaur captains
  Fannar (Lair:2)
  3 deep elf high priests (Elf:3)
  9 vault guards
  11 hydras
  5 boulder beetles
  Erolcha (D:10)
  A jorogumo (Spider:2)
  4 catoblepae
  A radroach (Spider:4)
  2 peacekeepers
  4 ironbound frosthearts
  4 merfolk avatars
  A rakshasa (D:15)
  2 ogre magi
  6 merfolk aquamancers
  12 two-headed ogres
  3 centaur warriors
  A satyr (Shoals:3)
  16 dancing weapons
  2 alligator snapping turtles (Shoals:4)
  A two-headed ogre (shapeshifter) (Vaults:2)
  12 death yaks
  4 orc high priests (Orc:2)
  Urug (D:10)
  Nergalle (Lair:3)
  A soul eater (Vaults:3)
  6 hell knights (Depths:1)
  11 skeletal warriors
  3 pharaoh ants
  15 deep elf knights
  6 steelbarb worms
  15 sea snakes
  A glowing orange brain (Vaults:4)
  3 orb spiders
  9 lindwurms
  27 deep trolls
  10 wizards
  21 deep elf pyromancers
  A shadow dragon zombie (Vaults:3)
  Pikel (D:7)
  11 deep elf archers
  14 orc knights
  4 necromancers
  18 harpies
  12 ironbound convokers
  2 oklob plants
  19 ugly things
  30 deep elf zephyrmancers
  A human zombie (Vaults:3)
  8 orc sorcerers
  A salamander (D:15)
  13 manticores
  18 wolf spiders
  A moth of wrath (Spider:4)
  5 cyclopes
  7 fauns
  11 elephants
  Joseph (D:7)
  8 merfolk sirens
  3 ice statues (IceCv)
  12 water nymphs
  Maurice (D:11)
  5 black mambas
  16 vault sentinels
  5 gargoyles
  12 cane toads
  A demonic crawler (Spider:1)
  3 rime drakes
  5 komodo dragons
  36 yaktaurs
  4 freezing wraiths
  An anaconda simulacrum (IceCv)
  A tengu conjurer (D:14)
  2 guardian mummies (D:15)
  4 meliai
  A yaktaur skeleton (Vaults:3)
  4 trolls
  15 wind drakes
  19 merfolk
  2 polar bears (Lair:5)
  Prince Ribbit (D:5)
  4 hornets
  8 tarantellas
  9 blink frogs
  5 snapping turtles
  9 dream sheep
  29 slime creatures
  13 jumping spiders
  A centaur simulacrum (D:15)
  5 air elementals
  17 culicivoras
  A vampire (D:12)
  62 yaks
  2 shadows
  A hog (D:14)
  6 wraiths
  3 wyverns
  4 basilisks
  25 water elementals
  A golden eye (shapeshifter) (D:13)
  2 steam dragons
  3 fire elementals
  Eustachio (D:6)
  41 redbacks
  7 vampire mosquitoes
  3 wargs (Orc:2)
  A harpy simulacrum (IceCv)
  2 death yak simulacra (IceCv)
  An acid dragon (D:10)
  10 water moccasins
  A swamp drake (Lair:1)
  4 black bears
  An ice beast (D:5)
  18 orc warriors
  A necrophage (D:6)
  11 ogres
  12 wolves
  5 boggarts (Vaults:2)
  2 lemures (D:7)
  10 centaurs
  A phantom (D:6)
  2 kobold brigands
  5 earth elementals
  14 bullfrogs
  A cane toad simulacrum (IceCv)
  6 scorpions
  2 water moccasin skeletons (D:5)
  21 killer bees
  2 elephant simulacra (IceCv)
  10 wights
  2 howler monkeys
  A bullfrog zombie (D:5)
  5 centaur zombies
  4 hounds
  A jelly (D:6)
  17 orc priests
  2 iguanas
  13 orc wizards
  4 hell rats (Lair:4)
  2 killer bee zombies
  A wolf simulacrum (IceCv)
  A hound zombie (D:5)
  2 howler monkey skeletons (D:5)
  11 gnolls
  12 adders
  A river rat (Sewer)
  2 shadow imps
  A white imp (D:6)
  An ufetubus (D:5)
  An adder skeleton (D:4)
  6 dart slugs
  A worm (D:6)
  56 orcs
  An endoplasm (shapeshifter) (Vaults:4)
  8 endoplasms
  6 giant cockroaches
  8 hobgoblins
  6 jackals
  A quokka (D:3)
  3 training dummies (Shoals:2)
  4 ball pythons
  3 bats (D:1)
  8 frilled lizards
  7 goblins
  33 kobolds
  11 rats
1383 creatures vanquished.

Vanquished Creatures (others)
  2 deep elf knights
  A yaktaur (Vaults:4)
  A water elemental (Shoals:2)
  An orc priest (Orc:2)
  3 briar patches (D:15)
  16 fungi
  40 plants
64 creatures vanquished.

Grand Total: 1447 creatures vanquished

Notes
Turn   | Place    | Note
-------+----------+-------------------------------------------
     0 | D:1      | Anon1729 the Minotaur Monk began the quest for the Orb.
     0 | D:1      | Reached XP level 1. HP: 19/19 MP: 0/0
   367 | D:1      | Reached XP level 2. HP: 23/27 MP: 1/1
   824 | D:1      | Reached skill level 4 in Long Blades
   878 | D:2      | Reached XP level 3. HP: 22/33 MP: 2/2
  1000 | D:2      | Found a faded altar of an unknown god.
  1057 | D:2      | Prayed at the altar of an unknown god.
  1057 | D:2      | Became a worshipper of Zin the Law-Giver
  1057 | D:2      | Reached * piety under Zin
  1057 | D:2      | Reached ** piety under Zin
  1057 | D:2      | Reached *** piety under Zin
  1080 | D:2      | Found Falaq's General Store.
  1098 | D:2      | Found Gitos's Armour Shop.
  1112 | D:2      | Gained mutation: Your spells are a little easier to cast,
                  | but a little less powerful. [potion of mutation]
  1538 | D:2      | Bought a scroll of fog for 24 gold pieces
  1699 | D:2      | Reached XP level 4. HP: 38/40 MP: 3/3
  1749 | D:2      | Reached **** piety under Zin
  2788 | D:3      | Reached skill level 1 in Invocations
  3016 | D:3      | Reached XP level 5. HP: 29/47 MP: 4/4
  3494 | D:3      | Noticed a centaur
  3507 | D:3      | Killed a centaur
  3527 | D:3      | Reached skill level 5 in Fighting
  3527 | D:3      | Reached skill level 5 in Long Blades
  3527 | D:3      | Reached XP level 6. HP: 32/56 MP: 6/6
  4504 | D:4      | Found a sparkling altar of Nemelex Xobeh.
  4504 | D:4      | Found a blossoming altar of Fedhas.
  4820 | D:4      | Reached skill level 5 in Dodging
  4820 | D:4      | Reached XP level 7. HP: 48/61 MP: 7/7
  5049 | D:5      | Entered Level 5 of the Dungeon
  5546 | D:5      | Noticed a yak
  5546 | D:5      | Noticed a yak
  5546 | D:5      | Noticed a yak
  5547 | D:5      | Noticed a yak
  6026 | D:3      | Killed a yak
  6027 | D:3      | Reached skill level 6 in Long Blades
  6292 | D:4      | Killed a yak
  6293 | D:4      | Reached XP level 8. HP: 42/71 MP: 9/9
  7086 | D:5      | Reached skill level 7 in Long Blades
  7359 | D:5      | Got the Handbook of Entrancing Contamination
  7374 | D:5      | Reached ***** piety under Zin
  7392 | D:5      | Noticed Prince Ribbit
  7436 | D:5      | Killed Prince Ribbit
  7437 | D:5      | Reached skill level 5 in Stealth
  7437 | D:5      | Reached XP level 9. HP: 58/79 MP: 11/11
  7845 | D:6      | Found a staircase to the Ecumenical Temple.
  7870 | D:6      | Found a glowing drain.
  8048 | Sewer    | Entered a sewer
  8279 | Sewer    | Found a white marble altar of Elyvilon.
  8355 | D:6      | Identified a scroll of acquirement
  8356 | D:6      | Acquired a manual of Invocations
  8391 | D:6      | Reached skill level 5 in Invocations
  8887 | D:6      | Reached skill level 8 in Long Blades
  9068 | D:6      | Got the Handbook of Combat Magic and Fire
  9481 | D:6      | Noticed Eustachio
  9492 | D:6      | Killed Eustachio
  9807 | D:7      | Noticed Pikel
  9825 | D:7      | Killed Pikel
 10578 | D:7      | Reached XP level 10. HP: 90/90 MP: 15/15
 10672 | D:7      | Noticed Joseph
 10694 | D:7      | Killed Joseph
 11769 | D:8      | Noticed a manticore
 11775 | D:8      | Killed a manticore
 11917 | D:8      | Reached skill level 9 in Long Blades
 12014 | D:8      | Found an opulent altar of Gozag.
 12160 | D:8      | Identified the -5 pair of boots "Deonkepa" {rN++ Str+2}
 12169 | D:8      | Noticed a two-headed ogre
 12492 | D:9      | Reached skill level 10 in Invocations
 12721 | D:9      | Found a glowing silver altar of Zin.
 12721 | D:9      | Noticed a seven-headed hydra
 12797 | D:9      | Found a runed translucent gate.
 12798 | D:9      | Noticed a wolf spider
 12798 | D:9      | Noticed a wolf spider
 12800 | D:9      | Found a runed translucent gate.
 12800 | D:9      | Found a runed translucent gate.
 12802 | D:9      | Noticed a black mamba
 12815 | D:9      | Reached ****** piety under Zin
 12915 | D:9      | Found a runed translucent door.
 12933 | D:9      | Found a runed translucent door.
 12938 | D:9      | You fall into a shaft and drop 2 floors!
 12963 | D:11     | Noticed a death yak
 12965 | D:11     | Noticed a death yak
 13133 | D:10     | Entered Level 10 of the Dungeon
 13184 | D:10     | Noticed Urug
 13203 | D:10     | Killed Urug
 13423 | D:10     | Found a flagged portal.
 13436 | Bailey   | Entered a bailey
 13448 | Bailey   | Noticed an orc warlord
 13494 | Bailey   | Noticed an orc knight
 13499 | Bailey   | Reached XP level 11. HP: 81/97 MP: 15/18
 13505 | Bailey   | Killed an orc knight
 13506 | Bailey   | Reached skill level 10 in Long Blades
 13670 | Bailey   | Found a runed translucent gate.
 13672 | Bailey   | Found a runed translucent gate.
 13690 | Bailey   | Found a runed translucent gate.
 13695 | Bailey   | Noticed an orc knight
 13704 | Bailey   | Killed an orc knight
 13850 | Bailey   | Killed an orc warlord
 13875 | Bailey   | Acquired the ring "Curhoedgh" {Will++ Slay+5 SInv Stlth+}
 14166 | D:10     | Noticed Erolcha
 14174 | D:10     | Killed Erolcha
 14530 | D:9      | Reached skill level 10 in Fighting
 14852 | D:9      | Found a shimmering blue altar of Sif Muna.
 14853 | D:9      | Found a broken altar of Ashenzari.
 14932 | D:9      | Found Heisyis's Demolitions Depot.
 14973 | D:9      | Found the +9 staff of Olgreb {rPois∞}
 15508 | D:8      | Killed a two-headed ogre
 15509 | D:8      | Reached skill level 11 in Long Blades
 15682 | D:2      | Bought a +3 leather armour of poison resistance for 231
                  | gold pieces
 15921 | D:9      | Killed a wolf spider
 16371 | D:9      | Killed a wolf spider
 16377 | D:9      | Identified the +8 chain mail of Onaenoak {Stlth+}
 16524 | D:11     | Found a staircase to the Lair.
 16548 | D:11     | Noticed a death yak
 16587 | D:10     | Killed a death yak
 16588 | D:10     | Reached XP level 12. HP: 77/107 MP: 13/20
 16636 | D:10     | Killed a death yak
 16681 | D:10     | Reached skill level 12 in Long Blades
 16686 | D:10     | Killed a death yak
 16961 | D:11     | Noticed a two-headed ogre
 16964 | D:11     | Killed a two-headed ogre
 17058 | D:11     | Noticed a two-headed ogre
 17063 | D:11     | Killed a two-headed ogre
 17152 | D:11     | Reached skill level 10 in Dodging
 17183 | D:11     | Noticed Maurice
 17188 | D:11     | Killed Maurice
 17942 | D:12     | Noticed Nessos
 17952 | D:12     | Killed Nessos
 18034 | D:12     | Noticed Josephine
 18148 | Lair:1   | Entered Level 1 of the Lair of Beasts
 18322 | Lair:1   | Noticed a five-headed hydra
 18357 | Lair:1   | Killed an eight-headed hydra
 18452 | Lair:1   | Reached skill level 13 in Long Blades
 19529 | Lair:2   | Reached XP level 13. HP: 72/116 MP: 12/22
 19736 | Lair:2   | Noticed Fannar
 19747 | Lair:2   | Killed Fannar
 20166 | Lair:3   | Noticed Nergalle
 20177 | Lair:3   | Killed Nergalle
 20316 | Lair:3   | Reached skill level 14 in Long Blades
 20435 | Lair:3   | Found a hole to the Spider Nest.
 20982 | Lair:4   | Noticed Rupert
 20994 | Lair:4   | Killed Rupert
 21588 | Lair:4   | Found a staircase to the Shoals.
 21979 | Lair:4   | Reached skill level 15 in Invocations
 22302 | Lair:5   | Reached skill level 15 in Long Blades
 22339 | Lair:5   | Found a frozen archway.
 22378 | IceCv    | Entered an ice cave
 22786 | IceCv    | Found the +8 Vampire's Tooth {vamp}
 22915 | Lair:5   | Reached XP level 14. HP: 127/127 MP: 24/24
 23307 | Lair:5   | Found a staircase to the Slime Pits.
 23383 | Lair:6   | Entered Level 6 of the Lair of Beasts
 23743 | Lair:6   | Reached skill level 16 in Long Blades
 23747 | Lair:6   | Reached skill level 10 in Stealth
 23970 | Lair:6   | Noticed stickyfingers's ghost (journeyman DEAr)
 24469 | Lair:6   | Found a runed translucent gate.
 24469 | Lair:6   | Found a runed translucent gate.
 24469 | Lair:6   | Found a runed translucent gate.
 24502 | Lair:6   | Killed stickyfingers's ghost
 24923 | D:12     | Killed Josephine
 25272 | D:12     | Found a staircase to the Orcish Mines.
 25521 | D:12     | Found Tofeg's General Store.
 25537 | D:12     | Bought a scroll of identify for 34 gold pieces
 25537 | D:12     | Bought 2 potions of curing for 102 gold pieces
 25537 | D:12     | Bought a scroll of identify for 34 gold pieces
 25762 | D:13     | Reached skill level 17 in Long Blades
 26032 | D:13     | Reached XP level 15. HP: 94/137 MP: 15/25
 26503 | D:14     | Found a gate to the Vaults.
 26999 | D:14     | Noticed Kirke
 27007 | D:14     | Noticed a sphinx
 27011 | D:14     | Killed Kirke
 27309 | D:14     | Found a shadowy altar of Dithmenos.
 27567 | D:15     | Entered Level 15 of the Dungeon
 27686 | D:15     | Found a portal to a secret trove of treasure.
 27757 | D:15     | Found Jeilafi's Distillery.
 27983 | D:15     | Bought a potion of curing for 45 gold pieces
 27983 | D:15     | Bought a potion of curing for 45 gold pieces
 27983 | D:15     | Bought a potion of heal wounds for 75 gold pieces
 27983 | D:15     | Bought a potion of might for 60 gold pieces
 28140 | D:15     | Reached skill level 18 in Long Blades
 28511 | D:15     | Noticed a thorn hunter
 28599 | D:15     | Killed a thorn hunter
 28655 | D:15     | Found the +1 robe of Vines {NoPotionHeal Regen++++}
 28783 | D:15     | Found a staircase to the Depths.
 29087 | Orc:1    | Entered Level 1 of the Orcish Mines
 29836 | Orc:2    | Entered Level 2 of the Orcish Mines
 30107 | Orc:2    | Found a staircase to the Elven Halls.
 30452 | Orc:2    | Reached skill level 1 in Evocations
 30501 | Orc:2    | Found Huas's Distillery.
 30501 | Orc:2    | Found Ujuysiopp's Assorted Antiques.
 30525 | Orc:2    | Found Ogovep's General Store.
 30525 | Orc:2    | Found Ryuk Giu's Antique Weapon Boutique.
 30533 | Orc:2    | Bought a scroll of teleportation for 48 gold pieces
 30608 | Orc:2    | Found a runed translucent gate.
 30629 | Orc:2    | Found a runed translucent gate.
 30629 | Orc:2    | Found an opulent altar of Gozag.
 30630 | Orc:2    | Found a runed translucent gate.
 30632 | Orc:2    | Noticed kae's ghost (journeyman DrTm)
 30655 | Orc:2    | Reached XP level 16. HP: 147/147 MP: 27/27
 31086 | Orc:2    | Killed kae's ghost
 31219 | Elf:1    | Entered Level 1 of the Elven Halls
 31573 | Elf:1    | Reached skill level 19 in Long Blades
 31579 | Elf:1    | Reached skill level 15 in Fighting
 31630 | Elf:1    | Got the Collected Works on Confrontation
 31928 | Elf:2    | Found Zobomiv's Distillery.
 31942 | Elf:2    | Bought a potion of curing for 39 gold pieces
 31942 | Elf:2    | Bought a potion of berserk rage for 65 gold pieces
 31989 | Elf:2    | Found Pytauk's Book Shoppe.
 32181 | Elf:2    | Found Caceerph's Jewellery Shop.
 32288 | Elf:2    | Found Tyskor's Book Boutique.
 32457 | Elf:2    | Found Bexuf's Armour Emporium.
 32473 | Elf:2    | Found a runed translucent gate.
 32476 | Elf:2    | Found a runed translucent gate.
 32477 | Elf:2    | Found a runed translucent gate.
 32809 | Elf:3    | Entered Level 3 of the Elven Halls
 32873 | Elf:3    | Found a magical portal.
 32927 | WizLab   | Entered Wucad Mu's Monastery
 33084 | WizLab   | Found the +9 staff of Wucad Mu {*channel}
 33145 | WizLab   | Reached XP level 17. HP: 158/158 MP: 23/28
 33648 | Elf:3    | Reached skill level 5 in Evocations
 33770 | Elf:3    | Reached XP level 18. HP: 157/166 MP: 26/29
 33822 | Elf:3    | Reached skill level 20 in Long Blades
 33975 | Elf:3    | Identified the +7 falchion of Pybycita {spect, rF+ Dex+3}
 34385 | Elf:3    | Identified the +8 scimitar "Kamuaf" {vorpal, rElec}
 34385 | Elf:3    | Identified the ring "Syri" {rElec rF- Will+ Int+5}
 34485 | Elf:3    | Reached skill level 15 in Dodging
 34500 | Elf:3    | Identified the ring "Sudoclum" {+Blink Will+}
 34715 | Elf:3    | Identified the +4 dagger of the Heart {spect, Str-5 Int+3
                  | Dex+5}
 34977 | Elf:3    | Identified the +8 giant spiked club "Impslayer" {vorpal,
                  | +Blink rN+ Int+2}
 34977 | Elf:3    | Found the +3 pair of seven-league boots {Rampage+∞}
 34981 | Elf:3    | Got Wirchad's Guide on Hexes and Arcane Weapons
 35338 | Shoals:1 | Entered Level 1 of the Shoals
 35705 | Shoals:1 | You fall into a shaft and drop 1 floor!
 35823 | Shoals:2 | Found Bigeguip's Firing Range.
 35990 | Shoals:2 | Found Pamearph's Weapon Shoppe.
 36558 | Shoals:3 | Noticed Polyphemus
 36573 | Shoals:3 | Killed Polyphemus
 36851 | Shoals:3 | Reached skill level 21 in Long Blades
 36973 | Shoals:3 | Found Vol Yhoj's Assorted Antiques.
 37082 | Shoals:3 | Bought a scroll of enchant armour for 187 gold pieces
 37082 | Shoals:3 | Bought a scroll of teleportation for 75 gold pieces
 37082 | Shoals:3 | Bought a scroll of holy word for 187 gold pieces
 37082 | Shoals:3 | Bought a potion of resistance for 250 gold pieces
 37273 | Shoals:4 | Entered Level 4 of the Shoals
 37292 | Shoals:4 | Paralysed by an air elemental for 1 turns
 37617 | Shoals:4 | Reached XP level 19. HP: 133/174 MP: 20/30
 37870 | Shoals:4 | Identified the +8 shortbow "Rupsarei" {flame, Str+2}
 37870 | Shoals:4 | Identified the +8 dagger of Exquisite Torment {drain,
                  | +Blink}
 37999 | Shoals:4 | Got a barnacled rune of Zot
 38001 | Shoals:4 | Paralysed by an air elemental for 1 turns
 38145 | Shoals:4 | Paralysed by an air elemental for 1 turns
 39360 | Spider:1 | Entered Level 1 of the Spider Nest
 40109 | Spider:2 | Reached skill level 1 in Armour
 40456 | Spider:3 | Reached skill level 22 in Long Blades
 40555 | Spider:3 | Noticed Louise
 40564 | Spider:3 | Killed Louise
 40606 | Spider:4 | Entered Level 4 of the Spider Nest
 41383 | Spider:4 | Got a gossamer rune of Zot
 41882 | Vaults:1 | Entered Level 1 of the Vaults
 42263 | Vaults:1 | Found Kyisaroag's Book Boutique.
 42272 | Vaults:1 | Reached XP level 20. HP: 168/187 MP: 26/32
 43432 | Vaults:1 | Reached skill level 23 in Long Blades
 43944 | Vaults:2 | Noticed Asterion
 43972 | Vaults:2 | Killed Asterion
 44121 | Vaults:2 | Found Ahyrphuff's Jewellery Boutique.
 44129 | Vaults:2 | Bought the amulet "Cuelaon" {Acrobat Regen+ Dex+3} for 736
                  | gold pieces
 44543 | Vaults:2 | Lost mutation: Your spells are a little easier to cast, but
                  | a little less powerful. [potion of mutation]
 44850 | Vaults:2 | HP: 4/189 [cyan very ugly thing (24)]
 45237 | Vaults:3 | Found Picykos's Assorted Antiques.
 45669 | Vaults:3 | Found a huge runed gate.
 45669 | Vaults:3 | Found a huge runed gate.
 45669 | Vaults:3 | Found a huge runed gate.
 45669 | Vaults:3 | Found a huge runed gate.
 45670 | Vaults:3 | Found a huge runed gate.
 45670 | Vaults:3 | Found a huge runed gate.
 45670 | Vaults:3 | Found a huge runed gate.
 45670 | Vaults:3 | Found a huge runed gate.
 45671 | Vaults:3 | Found a huge runed gate.
 45671 | Vaults:3 | Found a huge runed gate.
 45671 | Vaults:3 | Found a huge runed gate.
 45671 | Vaults:3 | Found a huge runed gate.
 45671 | Vaults:3 | Found a huge runed gate.
 45672 | Vaults:3 | Found a huge runed gate.
 45673 | Vaults:3 | Found a huge runed gate.
 45674 | Vaults:3 | Found a huge runed gate.
 45675 | Vaults:3 | Found a huge runed gate.
 45683 | Vaults:3 | Found a huge runed gate.
 45683 | Vaults:3 | Found a huge runed gate.
 45683 | Vaults:3 | Found a huge runed gate.
 45683 | Vaults:3 | Found a huge runed gate.
 45683 | Vaults:3 | Found a huge runed gate.
 45683 | Vaults:3 | Found a huge runed gate.
 45684 | Vaults:3 | Found a huge runed gate.
 45685 | Vaults:3 | Found a huge runed gate.
 45686 | Vaults:3 | Found a huge runed gate.
 45695 | Vaults:3 | Found a huge runed gate.
 45695 | Vaults:3 | Found a huge runed gate.
 45695 | Vaults:3 | Found a huge runed gate.
 45695 | Vaults:3 | Found a huge runed gate.
 45695 | Vaults:3 | Found a huge runed gate.
 45695 | Vaults:3 | Found a huge runed gate.
 45695 | Vaults:3 | Found a huge runed gate.
 45697 | Vaults:3 | Found a huge runed gate.
 45697 | Vaults:3 | Found a huge runed gate.
 45779 | Vaults:3 | Found a huge runed gate.
 45805 | Vaults:3 | Reached XP level 21. HP: 179/195 MP: 33/33
 45861 | Vaults:3 | Found a staircase to the Crypt.
 46443 | Vaults:4 | Found Docricvi's Armour Shop.
 46654 | Vaults:4 | Found a large runed translucent door.
 46654 | Vaults:4 | Found a large runed translucent door.
 46866 | Vaults:4 | Noticed Lakkucec's ghost (adept DjIE)
 46998 | Vaults:4 | Reached skill level 24 in Long Blades
 47491 | Vaults:4 | Reached skill level 10 in Evocations
 47750 | Vaults:4 | Killed Lakkucec's ghost
 47758 | Vaults:4 | Identified the +5 war axe of the Present {drain, Drain
                  | rElec rCorr Dex+8}
 48000 | Depths:1 | Entered Level 1 of the Depths
 48040 | Depths:1 | Lost intelligence.
 48042 | Depths:1 | Killed from afar by a fire dragon

Illustrated notes

Levels and vault maps discovered:
D:1:      tarquinn_simple_flora_water_c, layout_basic, st_stairs_4,
          minmay_misc_feat_hallway
D:2:      layout_basic, serial_shops, shop, shop,
          hellmonk_ecumenical_altar_pennies_from_heaven
D:3:      layout_basic, minmay_divided_ellipse
D:4:      layout_rooms, jmf_multi_god_temple
D:5:      layout_rooms, minmay_increasing_density, uniq_prince_ribbit1
D:6:      layout_basic, minmay_temple_entry_glassed_door,
          cheibrodos_sewer_entry_drain, minmay_starry_boxes, uniq_eustachio
D:7:      layout_basic, corexii_checkpoint_a, kennysheep_generic_room_4,
          uniq_joseph, uniq_pikel
D:8:      layout_cave_pools, grunt_gozag_statues
D:9:      layout_long_grid, gammafunk_temple_overflow_pools,
          mainiacjoe_overflow_small_starburst, chequers_serial_rivers_small_a,
          nicolae_blasting_shop, minmay_guarded_unrand_staff_of_olgreb
D:10:     layout_basic, enter_bailey_4, uniq_erolcha, uniq_urug
D:11:     layout_grid_maze, dpeg_lair_monsters, uniq_maurice
D:12:     layout_long_grid, orc_0_dummy, serial_shops, nicolae_shop_trees,
          chequers_serial_rivers_large_a, uniq_nessos, uniq_josephine
D:13:     layout_irregular_city, serial_column_ruins,
          column_ruins_square_medium, column_ruins_grid_1, column_ruins_grid_1,
          column_ruins_columns_straight, column_ruins_columns_straight,
          column_ruins_columns_T, column_ruins_open_small,
          nicolae_fountain_basement
D:14:     layout_irregular_city, erik_vaults_1, nicolae_dithmenos_shadow_blocks,
          uniq_kirke
D:15:     hangedman_depths_entry_try_elsewhere_first, layout_cave_pods,
          chequers_serial_rivers_micro_d, serial_shops, shop_fountains,
          nicolae_trove_entry_path_of_doom, hellmonk_guarded_unrand_vines
Lair:1:   layout_cellular_growth, serial_bayou_pond_a,
          cheibrodos_lair_caveside_slide, pond
Lair:2:   wander_river, layout_loops_ring, st_stairs_11, uniq_fannar
Lair:3:   layout_loops_ring, nicolae_spider_entry_orb_guardian,
          serial_bayou_shore_b, uniq_nergalle
Lair:4:   layout_layer_cave, minmay_shoals_entry_beasts,
          chequers_serial_rivers_micro_c, nicolae_quartered_pool_little,
          chequers_serial_rivers_micro_b, chequers_serial_rivers_marsh,
          st_stairs_12, grunt_megastairs_4, uniq_rupert
Lair:5:   layout_roguey, minmay_slime_entry_oklob_enclosed,
          portal_ice_cave_entry_pillars_1, beast_lair_carwin_8,
          serial_bayou_shore_a
Lair:6:   evilmike_catoblepas_cave, layout_cellular_growth,
          maelrawn_ghost_gauntlet_escape
Shoals:1: layout_shoals
Shoals:2: layout_shoals, serial_shops, nicolae_shop_bloodbath_and_beyond,
          nicolae_shop_firing_range
Shoals:3: layout_shoals, serial_shops, shop, nicolae_shoals_circle_sea_wall,
          uniq_polyphemus
Shoals:4: shoals_end_hellmonk_storm_palace [storm_palace_center_ruins,
          storm_palace_corner_reverse_hut, storm_palace_corner_reverse_hut,
          storm_palace_corner_blocked, storm_palace_corner_pillars]
Spider:1: layout_spider_delve, guppyfry_spider_mini_1
Spider:2: layout_chambers
Spider:3: layout_cave_pods, uniq_bai_suzhen, uniq_donald, uniq_louise
Spider:4: grunt_spider_rune_parallel
Orc:1:    hellmonk_paralyzer, layout_diamond_mine, serial_shops, mines3_lemuel
Orc:2:    grunt_orc_tribal_feast, layout_caves, ebering_ghost_gozag,
          minmay_orc_temple_b
Elf:1:    layout_gridlike, minmay_elf_annihilation, drop_trap
Elf:2:    nicolae_elf_blades_splatter_lattice [infiniplex_blade_entry_pillars],
          layout_loops_cross, serial_shops, shop, nicolae_shop_advertising_works
          [nicolae_subvault_shop_adworks], nicolae_shop_crystal, shop, shop,
          uniq_nikola, uniq_aizul, uniq_agnes
Elf:3:    minmay_elf_hall_curves, layout_geoelf_octagon,
          infiniplex_enter_wizlab_water
Vaults:1: nicolae_vaults_network_quincunx
          [nicolae_vaults_network_quincunx_subvault,
          nicolae_vaults_network_quincunx_subvault,
          nicolae_vaults_network_quincunx_subvault,
          nicolae_vaults_network_quincunx_subvault,
          nicolae_vaults_network_quincunx_subvault], hangedman_vaults_stagger,
          dpeg_vaults_monster_box, v_misc_4, vaults_mumra_hexcomb,
          nicolae_vaults_big_angled_halls, hangedman_vaults_restitches,
          grunt_vaults_bifocal, nicolae_vaults_specimen_jars,
          nicolae_vaults_asterisk, st_cells, nicolae_vaults_angled_halls,
          layout_vaults_omnibox, serial_shops, shop
Vaults:2: vaults_room_pools, dpeg_vaults_waves, nicolae_vaults_little_squares_2,
          nicolae_vaults_border_crossing, ontoclasm_vaults_fault,
          hangedman_vaults_snaps, layout_vaults_quadrants, serial_shops,
          nicolae_shop_temple_entry_statues_fountains, uniq_asterion
Vaults:3: v_misc_22, nicolae_vaults_three_branches,
          minmay_crypt_entry_simple_round, door_vault, v_misc_19,
          grunt_vaults_diagonal, vaults_mumra_minichess,
          nicolae_vaults_shelves_hall, grunt_vaults_twisty,
          layout_vaults_big_room, serial_shops, nicolae_shop_crystal
Vaults:4: ebering_ghost_disaster_area, st_eye, vaults_room_ringed_pool,
          ontoclasm_vaults_twist, v_misc_32, grunt_vaults_swirl,
          vaults_dpeg_diagonal, vaults_mumra_lcd, v_misc_2,
          nicolae_vaults_circle_grid_b, v_pattern_4, v_misc_16,
          vaults_room_stairs_pillars, nicolae_vaults_alarming,
          vaults_room_semicircle, vaults_room_pool, vaults_room_pool,
          vaults_dpeg_ring, layout_vaults_omnicross, serial_shops,
          nicolae_shop_crystal
Depths:1: layout_cave_pools, serial_glass, glass_columns_c, glass_columns_c,
          glass_columns_a, glass_columns_c, glass_columns_a, glass_columns_a,
          serial_shops, nicolae_shop_hallway_plus, hell_entry, chequers_jeans,
          hangedman_glass_teeth, dpeg_stationary_puzzle,
          infiniplex_staircase_pool_lava, serial_bayou_shore_b

Skill      XL: |  1  2  3  4  5  6  7  8  9 10 11 12 13 14 15 16 17 18 19 20 21 |
---------------+----------------------------------------------------------------+-----
Fighting       | 4 5 6 7 8 9 10 11 12 13 14 15 16 17 18 19 | 19.1
Long Blades    | 4 5 6 7 8 9 11 13 15 17 18 19 21 22 23 24 | 24.4
Stealth        | 2 3 4 5 6 7 8 9 10 11 12 13 14 | 14.6
Dodging        | 4 5 6 7 8 9 10 11 12 13 14 15 16 17 | 17.6
Invocations    | 1 2 3 4 8 10 13 14 15 16 17 18 19 | 19.2
Evocations     | 1 4 5 6 8 9 10 | 10.1
Armour         | 4 |  4.0

Action                   |  1- 3 |  4- 6 |  7- 9 | 10-12 | 13-15 | 16-18 | 19-21 || total
-------------------------+-------+-------+-------+-------+-------+-------+-------++-------
Melee: Falchion          |    67 |   158 |   298 |    23 |       |       |       ||   546
       Headbutt          |    12 |    30 |    76 |    79 |   203 |   144 |   419 ||   963
       Punch             |     1 |       |     6 |     3 |       |       |       ||    10
       Great sword       |       |       |       |   329 |   828 |   776 |  1416 ||  3349
       Scimitar          |       |       |       |    34 |       |       |       ||    34
Invok: Vitalisation      |     1 |       |       |       |       |       |       ||     1
Evoke: Wand              |       |       |       |     4 |     1 |     1 |       ||     6
       Condenser vane    |       |       |       |       |       |       |     2 ||     2
  Use: Potion            |     2 |       |     1 |     2 |     2 |     1 |     2 ||    10
       Scroll            |       |       |     7 |     8 |    18 |     1 |     6 ||    40
 Stab: Sleeping          |     3 |    11 |    10 |    14 |    44 |    23 |    20 ||   125
       Distracted        |       |       |       |     4 |     4 |     7 |     1 ||    16
       Paralysed         |       |       |       |     5 |       |       |       ||     5
       Petrified         |       |       |       |       |     4 |       |       ||     4
       Petrifying        |       |       |       |       |     1 |       |       ||     1
       Confused          |       |       |       |       |       |       |     1 ||     1
       Fleeing           |       |       |       |       |       |       |     1 ||     1
Armor: Robe              |    10 |    24 |    43 |    22 |    17 |    55 |   152 ||   323
       Leather armour    |       |       |       |    21 |       |       |       ||    21
       Troll leather arm |       |       |       |    19 |   125 |       |       ||   144
Dodge: Dodged            |    49 |   118 |   220 |   386 |   770 |   549 |  1183 ||  3275
       Repelled          |       |       |       |       |     8 |    17 |     6 ||    31

Table legend: (Time is in decaauts)
 A = Elapsed time spent in this place.
 B = Non-inter-level travel time spent in this place.
 C = Inter-level travel time spent in this place.
 D = Time resting spent in this place.
 E = Time spent auto-exploring this place.
 F = Levels seen in this place.
 G = Mean time per level.
                   A        B        C        D        E       F      G
               +--------+--------+--------+--------+--------+-----+--------+
         Total |  47741 |  45051 |   2690 |   5251 |  30503 |  43 | 1110.3 |
       Dungeon |  21791 |  20722 |   1069 |   3546 |  13982 |  15 | 1452.7 |
          Lair |   6595 |   6049 |    546 |    477 |   4444 |   6 | 1099.2 |
        Shoals |   3999 |   3730 |    269 |    225 |   2536 |   4 |  999.8 |
   Spider Nest |   2297 |   2053 |    244 |     14 |   1566 |   4 |  574.2 |
  Orcish Mines |   2134 |   1966 |    168 |    145 |   1299 |   2 | 1067.0 |
   Elven Halls |   3569 |   3461 |    108 |    376 |   2082 |   3 | 1189.7 |
        Vaults |   5772 |   5490 |    282 |    206 |   4051 |   4 | 1443.0 |
        Depths |     33 |     33 |      0 |      0 |      0 |   1 |   33.0 |
         Sewer |    308 |    308 |      0 |      0 |    232 |   1 |  308.0 |
        Bailey |    469 |    469 |      0 |      0 |    292 |   1 |  469.0 |
      Ice Cave |    457 |    457 |      0 |    261 |      0 |   1 |  457.0 |
        Wizlab |    314 |    314 |      0 |      0 |     15 |   1 |  314.0 |
               +--------+--------+--------+--------+--------+-----+--------+

Top non-repeatable levels by time:
     D:3: 2041 daAuts
   Elf:3: 1986 daAuts
     D:5: 1920 daAuts
     D:9: 1798 daAuts
Vaults:1: 1761 daAuts
     D:2: 1717 daAuts
     D:7: 1697 daAuts
    D:11: 1687 daAuts
     D:4: 1633 daAuts
    D:10: 1522 daAuts
Vaults:2: 1515 daAuts
     D:6: 1510 daAuts
Vaults:4: 1438 daAuts
Shoals:4: 1428 daAuts
  Lair:4: 1338 daAuts
